 Dungeon Crawl Stone Soup version 0.18.1-48-g4cf74bf (webtiles) character file.

149811 Gargoyl the Tortoise (level 16, -15/117 HPs)
             Began as a Demonspawn Abyssal Knight on July 24, 2016.
             Was the Champion of Lugonu.
             Demolished by a white very ugly thing (39 damage)
             ... on level 1 of the Depths.
             The game lasted 01:30:24 (33744 turns).

Gargoyl the Tortoise (Demonspawn Abyssal Knight)   Turns: 33744, Time: 01:30:24

Health: -15/117    AC: 33    Str: 15 (18) XL:     16   Next: 97%
Magic:  0/29       EV: 12    Int: 17 (20) God:    Lugonu [******]
Gold:   1011       SH: 13    Dex: 15 (17) Spells: 0 memorised, 20 levels left

rFire  + . .     SeeInvis .     f - +7 broad axe (freeze)
rCold  . . .     Gourm    .     Q - +4 plate armour {MR+}
rNeg   . . .     Faith    .     m - +1 shield
rPois  +         Spirit   +     R - +2 hat
rElec  +         Dismiss  .     v - +2 cloak {rPois}
rCorr  .         Reflect  .     (gloves unavailable)
SustAt .         Harm     .     F - +1 pair of boots of Petuv {rPois Str+3 Int+6}
MR     ++...                    s - amulet of regeneration
Stlth  ..........               h - ring of magical power
                                b - +4 ring of evasion

@: very resistant to hostile enchantments, extremely unstealthy
A: antennae 1, claws 3, hooves 1, thin metallic scales 3, agile 1, deterioration
2, fire resistance 1, frail 1, poison resistance, electricity resistance, weak
1, magic shield, magic regeneration, sturdy frame 1
a: Depart the Abyss, Bend Space, Banish, Corrupt, Enter the Abyss, Brand Weapon
With Distortion, Renounce Religion


You were on level 1 of the Depths.
You worshipped Lugonu.
Lugonu was exalted by your worship.
You were hungry.

You visited 5 branches of the dungeon, and saw 27 of its levels.
You visited the Abyss 1 time.

You collected 2383 gold pieces.
You spent 1372 gold pieces at shops.

Inventory:

Hand Weapons
 e - a +0 war axe of flaming
 f - a +7 broad axe of freezing (weapon)
 g - the +1 hand axe of Juij {venom, rElec MP-9 Str+4}
   (You found it on level 2 of the Lair of Beasts)

   It poisons the flesh of those it strikes.
   It affects your strength (+4).
   It insulates you from electricity.
   It affects your magic capacity (-9).
 q - a +0 broad axe of draining
Missiles
 l - 14 javelins (quivered)
Armour
 m - a +1 shield (worn)
 v - a +2 cloak of poison resistance (worn)
 y - a +2 pair of gloves
 F - the +1 pair of boots of Petuv (worn) {rPois Str+3 Int+6}
   (You found it on level 8 of the Lair of Beasts)

   It affects your strength (+3).
   It affects your intelligence (+6).
   It protects you from poison.
 Q - a +4 plate armour of magic resistance (worn)
 R - a +2 hat (worn)
Jewellery
 b - a +4 ring of evasion (left claw)
 h - a ring of magical power (right claw)
 s - an amulet of regeneration (around neck)
 u - the ring "Qugi" {rF+ Dex+2}
   (You bought it in a shop on level 1 of the Orcish Mines)

   [ring of protection from fire]

   It affects your dexterity (+2).
   It protects you from fire.
 M - an uncursed ring of poison resistance
 X - an uncursed ring of magical power
Wands
 j - a wand of teleportation (5/9)
 n - a wand of enslavement (14/24)
 p - a wand of paralysis (18/24)
 r - a wand of confusion (11/48)
 t - a wand of slowing (24/48)
 x - a wand of flame (31/48)
 E - a wand of disintegration (8/24)
 H - a wand of random effects (24/48)
 I - a wand of slowing (31/48)
 N - a wand of iceblast (6/15)
 P - a wand of paralysis (11/24)
 U - a wand of random effects (31/48)
Scrolls
 i - 7 scrolls of amnesia
 o - a scroll of recharging
 w - 13 scrolls of remove curse
 z - 2 scrolls of teleportation
 J - a scroll of magic mapping
 T - a scroll of identify
 Y - a scroll of silence {unknown}
Potions
 k - 3 potions of flight
 C - 2 potions of magic
 G - 6 potions of curing
 W - a potion of ambrosia
Books
 D - a book of Ice

   Spells                             Type                      Level
   a - Ice Form                       Ice/Transmutation            4
   b - Metabolic Englaciation         Hexes/Ice                    5
   c - Ozocubu's Refrigeration        Ice                          6
   d - Bolt of Cold                   Conjuration/Ice              6
   e - Freezing Cloud                 Conjuration/Ice/Air          6
   f - Simulacrum                     Ice/Necromancy               6
 K - a book of Clouds

   Spells                             Type                      Level
   a - Mephitic Cloud                 Conjuration/Poison/Air       3
   b - Conjure Flame                  Conjuration/Fire             3
   c - Poisonous Cloud                Conjuration/Poison/Air       6
   d - Freezing Cloud                 Conjuration/Ice/Air          6
   e - Ring of Flames                 Charms/Fire                  7
Miscellaneous
 a - a crystal ball of energy
 V - a legendary deck of summoning {the Pentagram}
Comestibles
 c - 9 bread rations
 d - 9 meat rations
 A - 3 slices of pizza
 L - 5 beef jerkies
 O - 13 royal jellies


   Skills:
 + Level 13.1 Fighting
 + Level 14.9 Axes
 + Level 3.1 Throwing
 * Level 15.4 Armour
 + Level 6.0 Dodging
 + Level 3.5 Stealth
 + Level 11.1 Shields
 + Level 2.9 Unarmed Combat
 + Level 2.9 Spellcasting
 + Level 6.1 Invocations


You had 20 spell levels left.
You didn't know any spells.

Dungeon Overview and Level Annotations

Branches:
Dungeon (15/15)            Temple (0/1) D:6            Lair (8/8) D:10
 Shoals (0/4) Lair:5        Snake (0/4) Lair:3        Slime (0/6) Lair:8
    Orc (2/2) D:11            Elf (1/3) Orc:2        Depths (1/5) D:15
 Vaults: D:13-14

Altars:
Ashenzari
Cheibriados
Fedhas
Kikubaaqudgha
Pakellas
Qazlal
Ru
Trog
Vehumet
Xom
Beogh

Shops:
D:4 **   D:8 *   D:11 *}*%}   D:13 *%   D:15 }   Orc:1 *   Orc:2 [(:*   Elf:1 *

Portals:
Hell: Depths:1

Annotations:
D:9 exclusions: oklob plant and oklob sapling
Elf:1 Frances
Abyss:1 Fannar, Maud, Snorg


Innate Abilities, Weirdness & Mutations

You have claws for hands.
You are completely covered in thin metallic scales (AC +4, rElec).
Your flesh is heat resistant.
When hurt, damage is shared between your health and your magic reserves.
You regenerate magic rapidly.
You have a pair of small antennae on your head.
You have large cloven feet.
You are agile. (Dex +2)
Your body often deteriorates upon taking damage.
You are frail (-10% HP).
Your system is resistant to poisons.
You are resistant to electric shocks.
You are weak. (Str -2)
Your movements are slightly less encumbered by armour (ER -2).


Message History

The yaktaur shimmers and seems to become two!
You see here a cloak.
The +1 hand axe of Juij {venom, rElec MP-9 Str+4} stops dripping with poison.
Your +7 broad axe of freezing glows with a cold blue light!
f - a +7 broad axe of freezing (weapon)
You see here a bolt.
There is an open door here.
The white very ugly thing kicks you!
The white very ugly thing freezes you!!!
* * * LOW HITPOINT WARNING * * *
Your body deteriorates!
You feel dopey.
You see here an ugly thing corpse.
Read which item? (? for menu, Esc to quit)
Okay, then.
Press: ? - help, Shift-Dir - straight line, f - white very ugly thing
Aim: a white very ugly thing (moderately wounded, poisoned, chance to defeat MR: 71%)
You fail to use your ability.
The white very ugly thing kicks you.
* * * LOW HITPOINT WARNING * * *
The white very ugly thing freezes you!!!
You die...

...#...)#)##...#...#+##'##
...##..[)).##..##..# #...##
#...#...##..#...#+###.....##
###.#....##.#####.##.#...#.##
###.....#.#.∩.(##.8.8.8.8.##
#.....#.#....#...........#
'.....###....).....)....[+
.#####..#...(.#...........#
#' #..#...)@##.8.8.8.8.#
#'####.u.##.#...#.#
.'..#.c..##.....# '.
#..#....###...##
#..###..##c#u# ##'##
...'....'.R'.# #.(###
..#....#.c#######...+
#.##'#...(.u..#(###
###..#.....[.Rcuc#


You could see a white very ugly thing, a red ugly thing, a rakshasa and 3
yaktaurs.

Vanquished Creatures
  Nikola (Depths:1)
  Jorgrun (Depths:1)
  A frost giant (Depths:1)
  An orc warlord (Orc:1)
  Louise (Elf:1)
  6 very ugly things
  A deep elf annihilator (Orc:2)
  The ghost of BabyRage the Basher, a journeyman NaHu of Makhleb (Lair:4)
  3 ettins
  2 fire dragons
  Josephine (Lair:4)
  The ghost of Dickchan the Unseen, a journeyman NaEn of Cheibriados (D:11)
  A jiangshi (Depths:1)
  An ice dragon (Depths:1)
  A rakshasa (Depths:1)
  6 hydras
  3 centaur warriors
  4 tengu warriors
  4 dancing weapons (Orc:2)
  5 ogre magi
  A queen ant (Lair:3)
  16 death yaks
  An orc high priest (Orc:1)
  Sonja (D:10)
  4 deep elf knights (Orc:2)
  2 fire crabs (Lair:7)
  An unseen horror (D:14)
  A deep elf archer (Orc:2)
  Pikel (D:8)
  A lindwurm (Lair:8)
  5 hill giants
  3 wizards
  3 orc knights
  6 deep elf magi
  3 orc sorcerers
  5 slime creatures
  17 ugly things
  2 griffons
  A cyclops (D:11)
  22 elephants
  2 manticores
  6 black mambas
  A siren (Lair:5)
  3 naga magi
  21 spiny frogs
  3 centaur skeletons
  6 rime drakes
  20 komodo dragons
  A queen bee (D:13)
  6 trolls
  2 boulder beetles
  8 polar bears (Lair:8)
  28 blink frogs
  10 two-headed ogres
  3 raiju (Lair:8)
  A wind drake (shapeshifter) (D:10)
  2 air elementals
  2 shadows
  6 wraiths
  A vampire (D:11)
  8 basilisks
  40 yaks
  A wyvern (D:11)
  Eustachio (D:5)
  3 steam dragons (Lair:8)
  12 hippogriffs
  A human (D:7)
  The ghost of Gargoyl the Skirmisher, an amateur DsAK of Lugonu (D:3)
  3 hungry ghosts
  3 mottled dragons
  6 wargs
  10 water moccasins
  The ghost of unrecovered the Insei, an amateur TeBe of Trog (D:4)
  9 soldier ants (Lair:3)
  7 hell hounds (Lair:8)
  17 porcupines
  3 swamp drakes
  3 phantoms
  14 black bears
  27 orc warriors
  3 slaves (D:8)
  3 eyes of draining
  3 sky beasts
  A wasp (D:10)
  A necrophage (D:12)
  34 ogres
  13 wolves
  12 centaurs
  19 crocodiles
  A gnoll sergeant (D:12)
  23 giant frogs
  3 scorpions
  A wyvern skeleton (D:13)
  2 water moccasin skeletons
  43 killer bees
  9 wights
  4 howler monkeys
  3 crimson imps
  A quasit (D:8)
  15 hounds
  7 centaur zombies
  A giant frog zombie (D:6)
  27 orc wizards
  Crazy Yiuf (D:6)
  20 orc priests
  A jelly (D:8)
  2 giant frog skeletons
  Jessica (D:2)
  21 iguanas
  35 worker ants
  13 sheep
  2 worker ant zombies
  13 gnolls
  13 adders
  68 river rats
  2 shadow imps
  3 oozes
  An adder skeleton (D:6)
  4 worms
  A dart slug (D:1)
  A giant gecko (D:2)
  77 orcs
  5 bats
  3 giant cockroaches
  10 goblins
  9 hobgoblins
  34 jackals
  6 quokkas
  8 ball pythons
  A giant gecko zombie (D:9)
  6 giant newts
  7 kobolds
  4 rats
  16 fungi
  8 plants
1068 creatures vanquished.

Vanquished Creatures (collateral kills)
  A centaur zombie (D:15)
1 creature vanquished.

Vanquished Creatures (others)
  A hydra (Lair:1)
  The ghost of BabyRage the Basher, a novice NaHu of Okawaru (D:9)
  A wizard (Depths:1)
  The ghost of flt the Tainter, a novice MfVM (D:6)
  A crocodile (Lair:8)
  A hound (Lair:8)
  An iguana (Lair:8)
  22 fungi
  17 plants
46 creatures vanquished.

Grand Total: 1115 creatures vanquished

Notes
Turn   | Place    | Note
--------------------------------------------------------------
     0 | Abyss:1  | Gargoyl the Demonspawn Abyssal Knight began the quest for the Orb.
     0 | Abyss:1  | Reached XP level 1. HP: 18/18 MP: 2/2
   158 | Abyss:4  | Noticed a neqoxec
   159 | D:1      | Escaped the Abyss
   410 | D:1      | Reached skill level 2 in Armour
   425 | D:1      | Reached * piety under Lugonu
   464 | D:1      | Gained mutation: You are partially covered in thin metallic scales (AC +2). [demonic ancestry]
   464 | D:1      | Reached XP level 2. HP: 24/24 MP: 3/3
   809 | D:1      | Reached skill level 1 in Dodging
   809 | D:1      | Gained mutation: When hurt, damage is shared between your health and your magic reserves. [demonic ancestry]
   809 | D:1      | Reached XP level 3. HP: 28/29 MP: 4/4
  1233 | D:2      | Reached ** piety under Lugonu
  1302 | D:2      | Gained mutation: Your flesh is heat resistant. [demonic ancestry]
  1302 | D:2      | Reached XP level 4. HP: 34/36 MP: 5/5
  1322 | D:2      | Noticed Jessica
  1335 | D:2      | Killed Jessica
  1335 | D:2      | Reached skill level 3 in Armour
  1880 | D:3      | Noticed Gargoyl's ghost (amateur DsAK)
  1902 | D:3      | Reached skill level 5 in Fighting
  1902 | D:3      | Reached skill level 5 in Armour
  1902 | D:3      | Reached skill level 5 in Invocations
  1902 | D:3      | Gained mutation: You regenerate magic rapidly. [demonic ancestry]
  1902 | D:3      | Reached XP level 5. HP: 14/44 MP: 8/9
  1907 | D:3      | Killed Gargoyl's ghost
  1907 | D:3      | Reached XP level 6. HP: 17/51 MP: 10/10
  2174 | D:4      | Noticed unrecovered's ghost (amateur TeBe)
  2184 | D:4      | Killed unrecovered's ghost
  2378 | D:3      | Reached XP level 7. HP: 28/56 MP: 11/11
  2652 | D:4      | Reached *** piety under Lugonu
  2657 | D:4      | Reached skill level 6 in Armour
  2696 | D:4      | Found Soke's General Store.
  2833 | D:4      | Found Sietunuf's General Store.
  3025 | D:4      | Found a shimmering altar of Xom.
  3025 | D:4      | Found a bloodstained altar of Trog.
  3123 | D:5      | Entered Level 5 of the Dungeon
  3896 | D:6      | Noticed Eustachio
  3964 | D:5      | Killed Eustachio
  3964 | D:5      | Reached XP level 8. HP: 58/64 MP: 12/12
  4001 | D:5      | Reached skill level 1 in Shields
  4189 | D:6      | Reached skill level 7 in Armour
  4449 | D:6      | Noticed flt's ghost (novice MfVM)
  4740 | D:6      | Noticed Crazy Yiuf
  4746 | D:6      | Killed Crazy Yiuf
  4822 | D:6      | Found a bloodstained altar of Trog.
  5201 | D:6      | Banished flt's ghost
  5201 | D:6      | Gained mutation: You are mostly covered in thin metallic scales (AC +3). [demonic ancestry]
  5201 | D:6      | Reached XP level 9. HP: 27/70 MP: 11/13
  5518 | D:4      | Bought a scroll of brand weapon for 280 gold pieces
  5649 | D:6      | Reached skill level 5 in Axes
  5675 | D:6      | Found a blossoming altar of Fedhas.
  5679 | D:6      | Found an ancient bone altar of Kikubaaqudgha.
  5706 | D:6      | Found a staircase to the Ecumenical Temple.
  5799 | D:6      | Gained mutation: You are dopey. (Int -2) [mutagenic meat]
  5800 | D:6      | Gained mutation: Your spells are a little harder to cast, but a little more powerful. [mutagenic meat]
  5801 | D:6      | Gained mutation: You possess an exceptional clarity of mind. [mutagenic meat]
  5802 | D:6      | Gained mutation: Your movements are slightly less encumbered by armour (ER -2). [mutagenic meat]
  5803 | D:6      | Gained mutation: You have sharp fingernails. [mutagenic meat]
  5933 | D:7      | Reached **** piety under Lugonu
  6032 | D:7      | Found a radiant altar of Vehumet.
  6066 | D:7      | Found a stormy altar of Qazlal.
  6228 | D:7      | Found a sacrificial altar of Ru.
  6651 | D:7      | Reached skill level 8 in Armour
  6962 | D:8      | Found Orchurph's General Store.
  6965 | D:8      | Bought a potion of lignification for 30 gold pieces
  6999 | D:8      | Noticed Pikel
  7012 | D:8      | Killed Pikel
  7012 | D:8      | Gained mutation: You have very sharp fingernails. [demonic ancestry]
  7012 | D:8      | Reached XP level 10. HP: 62/77 MP: 14/14
  7112 | D:8      | Found an oddly glowing altar of Pakellas.
  7205 | D:8      | Reached ***** piety under Lugonu
  8047 | D:9      | Noticed BabyRage's ghost (novice NaHu)
  8050 | D:9      | Banished BabyRage's ghost
  8130 | D:9      | Found a snail-covered altar of Cheibriados.
  8135 | D:9      | Got an ancient long sword
  8146 | D:9      | Identified the +10 long sword of Pyromania {slice, Int+7} (You found it on level 9 of the Dungeon)
  8285 | D:9      | Gained mutation: You are frail (-10% HP). [potion of mutation]
  8285 | D:9      | Gained mutation: You have large cloven feet. [potion of mutation]
  8285 | D:9      | Gained mutation: You are very frail (-20% HP). [potion of mutation]
  8286 | D:9      | Lost mutation: You have very sharp fingernails. [potion of cure mutation]
  8286 | D:9      | Lost mutation: You are very frail (-20% HP). [potion of cure mutation]
  8286 | D:9      | Lost mutation: You are frail (-10% HP). [potion of cure mutation]
  8286 | D:9      | Lost mutation: You are dopey. (Int -2) [potion of cure mutation]
  8286 | D:9      | Lost mutation: You possess an exceptional clarity of mind. [potion of cure mutation]
  8286 | D:9      | Lost mutation: Your spells are a little harder to cast, but a little more powerful. [potion of cure mutation]
  8362 | D:9      | Reached skill level 9 in Armour
  8539 | D:9      | Noticed an oklob plant
  8734 | D:10     | Entered Level 10 of the Dungeon
  8780 | D:10     | Gained mutation: Your spells are a little harder to cast, but a little more powerful. [mutagenic meat]
  8781 | D:10     | Gained mutation: Your body sometimes deteriorates upon taking damage. [mutagenic meat]
  8782 | D:10     | Gained mutation: You occasionally shout uncontrollably at your foes. [mutagenic meat]
  8783 | D:10     | Lost mutation: Your spells are a little harder to cast, but a little more powerful. [mutagenic meat]
  8796 | D:10     | Noticed Sonja
  8988 | D:10     | Killed Sonja
  9038 | D:10     | Noticed a tengu warrior
  9080 | D:10     | Killed a tengu warrior
  9080 | D:10     | Gained mutation: You are completely covered in thin metallic scales (AC +4, rElec). [demonic ancestry]
  9080 | D:10     | Reached XP level 11. HP: 32/84 MP: 14/15
  9302 | D:10     | Noticed Snorg
  9306 | D:10     | Banished Snorg
  9347 | D:10     | Gained mutation: You are occasionally teleported next to monsters. [mutagenic meat]
  9348 | D:10     | Gained mutation: Your system is resistant to poisons. [mutagenic meat]
  9349 | D:10     | Gained mutation: You have a pair of small antennae on your head. [mutagenic meat]
  9482 | D:10     | Noticed Fannar
  9497 | D:10     | Banished Fannar
  9647 | D:10     | Found a staircase to the Lair.
  9929 | D:10     | Noticed Maud
  9952 | D:10     | Banished Maud
  9952 | D:10     | Reached skill level 5 in Shields
 10327 | D:10     | Noticed a hill giant
 10337 | D:10     | Killed a hill giant
 10505 | Lair:1   | Entered Level 1 of the Lair of Beasts
 10583 | Lair:1   | Reached skill level 10 in Armour
 11717 | Lair:1   | Gained mutation: You have very sharp fingernails. [demonic ancestry]
 11717 | Lair:1   | Reached XP level 12. HP: 10/94 MP: 4/16
 11754 | Lair:1   | Noticed a five-headed hydra
 11768 | Lair:1   | Banished a five-headed hydra
 12285 | Lair:1   | Reached skill level 11 in Armour
 12288 | Lair:1   | Reached skill level 5 in Dodging
 13062 | Lair:2   | Reached ****** piety under Lugonu
 13068 | Lair:2   | Got a transparent hand axe
 13069 | Lair:2   | Identified the +1 hand axe of Juij {venom, rElec MP-9 Str+4} (You found it on level 2 of the Lair of Beasts)
 13095 | Lair:2   | You fall through a shaft for 2 floors!
 13138 | Lair:3   | Noticed a four-headed hydra
 13147 | Lair:3   | Killed a one-headed hydra
 13208 | Lair:3   | Found a staircase to the Snake Pit.
 13664 | Lair:2   | Noticed a six-headed hydra
 13679 | Lair:2   | Killed a one-headed hydra
 14383 | Lair:3   | Noticed a queen ant
 14405 | Lair:3   | Killed a queen ant
 15097 | Lair:3   | Reached XP level 13. HP: 91/101 MP: 17/17
 15623 | Lair:4   | Noticed BabyRage's ghost (journeyman NaHu)
 15822 | Lair:4   | Killed BabyRage's ghost
 15822 | Lair:4   | Reached skill level 12 in Armour
 16352 | Lair:4   | Noticed Josephine
 16364 | Lair:4   | Killed Josephine
 16374 | Lair:4   | Reached skill level 10 in Axes
 18061 | Lair:5   | Reached skill level 10 in Fighting
 18462 | Lair:5   | Found a stormy altar of Qazlal.
 18728 | Lair:5   | Found a staircase to the Shoals.
 19417 | Lair:6   | Gained mutation: You are frail (-10% HP). [potion of mutation]
 19522 | Lair:6   | Reached skill level 13 in Armour
 20267 | Lair:7   | Reached XP level 14. HP: 99/99 MP: 18/18
 21854 | Lair:8   | Entered Level 8 of the Lair of Beasts
 23314 | Lair:8   | Found a staircase to the Slime Pits.
 24820 | Lair:8   | Reached XP level 15. HP: 107/107 MP: 19/19
 24850 | Lair:8   | Got a pair of faintly glowing boots
 24856 | Lair:8   | Identified the +1 pair of boots of Petuv {rPois Str+3 Int+6} (You found it on level 8 of the Lair of Beasts)
 25160 | Lair:8   | Reached skill level 14 in Armour
 25576 | D:11     | Noticed Dickchan's ghost (journeyman NaEn)
 25691 | D:11     | Killed Dickchan's ghost
 25699 | D:11     | Found Mamuaf's Gadget Boutique.
 25782 | D:11     | Found a shattered altar of Ashenzari.
 25904 | D:11     | Found a staircase to the Orcish Mines.
 26037 | D:11     | Found Annof's Food Shop.
 26039 | D:11     | Found Ocrudahu's Assorted Antiques.
 26097 | D:11     | Gained mutation: You are weak. (Str -2) [mutagenic meat]
 26132 | D:11     | Bought a runed plate armour for 828 gold pieces
 26132 | D:11     | Bought a scroll labeled IMAMUD JOCE for 36 gold pieces
 26351 | D:11     | Gained mutation: You are agile. (Dex +2) [mutagenic meat]
 26381 | D:11     | Found Mockooni's Gadget Emporium.
 26473 | D:11     | Found Umiwizen's Assorted Antiques.
 26478 | D:11     | Bought a potion of curing for 78 gold pieces
 26579 | Orc:1    | Entered Level 1 of the Orcish Mines
 26579 | Orc:1    | Found Huugeago's Assorted Antiques.
 26806 | Orc:1    | Bought a coiled brass ring for 120 gold pieces
 26811 | Orc:1    | Identified the ring "Qugi" {rF+ Dex+2} (You bought it in a shop on level 1 of the Orcish Mines)
 26830 | Orc:1    | Found a roughly hewn altar of Beogh.
 27040 | Orc:2    | Entered Level 2 of the Orcish Mines
 27040 | Orc:2    | Found a staircase to the Elven Halls.
 27052 | Orc:2    | Found a roughly hewn altar of Beogh.
 27052 | Orc:2    | Found Kimeut's General Store.
 27053 | Orc:2    | Noticed an orc warlord
 27414 | Orc:1    | Reached skill level 10 in Shields
 27532 | Orc:1    | Killed an orc warlord
 27773 | Orc:2    | Found Esimohas's Antique Armour Shoppe.
 28018 | Orc:2    | Found Ganunoup's Book Shoppe.
 28032 | Orc:2    | Found Kusaej's Antique Weapon Shoppe.
 28191 | Elf:1    | Entered Level 1 of the Elven Halls
 28194 | Elf:1    | Noticed Louise
 28676 | D:12     | Gained mutation: You have claws for hands. [mutagenic meat]
 28680 | D:12     | Gained mutation: You are resistant to electric shocks. [mutagenic meat]
 28743 | D:12     | Got a bound steel amulet
 28745 | D:12     | Identified the amulet "Ciske" {Spirit rElec MP+9 Int+7} (You found it on level 12 of the Dungeon)
 29132 | D:13     | Found Kenauw's Assorted Antiques.
 29247 | D:13     | Found Muamesuf's Food Boutique.
 30000 | D:13     | Gained mutation: Your body often deteriorates upon taking damage. [mutagenic meat]
 30001 | D:13     | Lost mutation: You are occasionally teleported next to monsters. [mutagenic meat]
 30002 | D:13     | Lost mutation: You occasionally shout uncontrollably at your foes. [mutagenic meat]
 30208 | Orc:2    | Mutation became permanent: You have claws for hands. [demonic ancestry]
 30208 | Orc:2    | Reached XP level 16. HP: 95/115 MP: 20/20
 30572 | Elf:1    | Found Seorapu's Assorted Antiques.
 30598 | Elf:1    | Killed Louise
 30640 | Elf:1    | Noticed Frances
 30929 | D:14     | You fall through a shaft!
 30929 | D:15     | Entered Level 15 of the Dungeon
 31069 | D:14     | You fall through a shaft!
 31092 | D:15     | Found Acoqippa's Gadget Boutique.
 31517 | D:15     | Reached skill level 15 in Armour
 31613 | D:15     | Found a staircase to the Depths.
 32106 | Depths:1 | Entered Level 1 of the Depths
 32123 | Depths:1 | Noticed Nikola
 32140 | Depths:1 | Killed Nikola
 32142 | Depths:1 | Noticed Jorgrun
 32221 | Depths:1 | Killed Jorgrun
 33561 | Depths:1 | Found a gateway to Hell.
 33744 | Depths:1 | Demolished by a white very ugly thing

Skill      XL: |  1  2  3  4  5  6  7  8  9 10 11 12 13 14 15 16 |
---------------+-------------------------------------------------+-----
Armour         | 2 5 6 7 8 9 10 11 13 14 15 | 15.4
Axes           | 2 4 6 7 8 9 11 12 13 14 | 14.9
Dodging        | 1 3 4 5 6 |  6.0
Fighting       | 5 6 7 8 9 10 11 12 13 | 13.1
Throwing       | 2 3 |  3.1
Stealth        | 3 |  3.5
Unarmed Combat | 2 |  2.9
Spellcasting   | 2 |  2.9
Invocations    | 5 6 |  6.1
Shields        | 2 3 4 5 6 8 9 10 11 | 11.1

Action                   |  1- 3 |  4- 6 |  7- 9 | 10-12 | 13-15 | 16-18 || total
-------------------------+-------+-------+-------+-------+-------+-------++-------
Melee: Broad axe         |   113 |    80 |   334 |   770 |  1829 |   494 ||  3620
       Punch             |       |       |     1 |       |       |       ||     1
       War axe           |       |       |     9 |    25 |    39 |       ||    73
       Kick              |       |       |       |   153 |   342 |       ||   495
       Hand axe          |       |       |       |       |    29 |     4 ||    33
Throw: Javelin           |       |       |     3 |     6 |     5 |       ||    14
Invok: Depart the Abyss  |     1 |       |       |       |       |       ||     1
       Banish            |       |       |     1 |     5 |       |       ||     6
Evoke: Wand              |       |       |       |     1 |     3 |       ||     4
  Use: Scroll            |     5 |     6 |     9 |    12 |    14 |     8 ||    54
       Potion            |       |     6 |     2 |    13 |    13 |     1 ||    35
 Stab: Confused          |       |       |       |       |     1 |       ||     1
  Eat: Chunk             |     2 |     2 |     9 |    31 |    35 |       ||    79
       Fruit             |       |     2 |    11 |       |    17 |     2 ||    32
       Pizza             |       |       |     1 |     5 |       |       ||     6
       Beef jerky        |       |       |     1 |     1 |       |       ||     2
       Royal jelly       |       |       |       |     1 |     8 |     5 ||    14
       Meat ration       |       |       |       |     1 |       |       ||     1
Armor: Leather armour    |    13 |       |       |       |       |       ||    13
       Ring mail         |    39 |    23 |       |       |       |       ||    62
       Chain mail        |       |    28 |   145 |       |       |       ||   173
       Plate armour      |       |       |   162 |   622 |  1281 |   272 ||  2337
       Skin              |       |       |       |    33 |       |       ||    33
Dodge: Dodged            |    90 |    52 |    94 |   237 |  1042 |   221 ||  1736
Block: Shield            |       |       |   182 |   486 |  1432 |   315 ||  2415
